 Dungeon Sprint DCSS version 0.30-a0-6-g7c9e10e132 (webtiles) character file.

Game seed: 826107876052747699

24 NinjaNoafa the Fighter (level 3, -5/38 HPs)
             Began as a Gnoll Wanderer on Aug 22, 2022.
             Slain by an ogre
             ... wielding a +0 giant club
              (23 damage)
             ... in the Dungeon (Sprint I: "Red Sonja").
             The game lasted 00:00:38 (185 turns).

NinjaNoafa the Fighter (Gnoll Wanderer)              Turns: 185, Time: 00:00:38

Health: -5/38      AC:  5    Str: 12    XL:     3   Next: 2%
Magic:  5/5        EV: 10    Int:  9    God:
Gold:   0          SH:  8    Dex: 14    Spells: 5/5 levels left

rFire   . . .      SeeInvis .    l - +0 dagger
rCold   . . .      Faith    .    f - +2 buckler
rNeg    . . .      Spirit   .    m - +0 ring mail
rPois   .          Reflect  .    (no helmet)
rElec   .          Harm     .    (no cloak)
rCorr   .          Rampage  .    (no gloves)
Will    .....      NoTele   +    (no boots)
Stlth   +.........               (no amulet)
HPRegen 0.12/turn                (no ring)
MPRegen 0.09/turn                (no ring)

@: no status effects
A: fangs 1, strong nose, distributed training
a: no special abilities


You were in the Dungeon.
You visited 1 branch

Inventory:

Hand Weapons
 a - a +0 club
 l - a +0 dagger (weapon)
Armour
 e - a +0 leather armour
 f - a +2 buckler (worn)
 m - a +0 ring mail (worn)
Wands
 c - a wand of flame (21) (quivered)
Scrolls
 d - 2 scrolls of blinking
Potions
 b - a potion of attraction
 g - a potion of curing
 h - a potion of heal wounds
 i - a potion of haste
 j - 2 potions of magic
 k - a potion of mutation {unknown}


   Skills:
 + Level 8.7 Fighting
 + Level 1.8 Short Blades
 + Level 1.8 Long Blades
 + Level 1.8 Axes
 + Level 1.8 Maces & Flails
 + Level 1.8 Polearms
 + Level 1.8 Staves
 + Level 1.8 Ranged Weapons
 + Level 1.8 Throwing
 + Level 1.8 Armour
 + Level 1.8 Dodging
 + Level 1.8 Stealth
 + Level 6.8 Shields
 + Level 3.1 Unarmed Combat
 + Level 1.8 Spellcasting
 + Level 1.4 Conjurations
 + Level 1.4 Hexes
 + Level 1.4 Summonings
 + Level 1.4 Necromancy
 + Level 1.4 Translocations
 + Level 1.4 Transmutations
 + Level 1.4 Fire Magic
 + Level 1.4 Ice Magic
 + Level 1.4 Air Magic
 + Level 1.4 Earth Magic
 + Level 1.4 Poison Magic
 + Level 2.0 Invocations
 + Level 4.9 Evocations


You had 5 spell levels left.
You didn't know any spells.
Your spell library was empty.

Dungeon Overview and Level Annotations

Branches:
Dungeon (1/1)

Altars:


Innate Abilities, Weirdness & Mutations

You have very sharp teeth.
Your uncanny sense of smell can sniff out nearby items.
Your experience applies equally to all skills.


Message History

You start resting.
You feel a strong urge to attack something.
You start resting.
You feel your anger nearly subside.
You are no longer berserk.
You are exhausted.
You feel yourself slow down.
You start resting.
You feel yourself speed up.
You start resting.
You recover from your berserk rage.
You start resting.
HP restored.
Your library has no spells.
You don't know any spells.
c - a wand of flame (21) (gained 16 charges)
k - a viscous silvery potion
Things that are here:
a +0 dagger; a +0 ring mail; the goblin corpse of Ijyb
l - a +0 dagger;
m - a +0 ring mail Unknown command.
l - a +0 dagger (weapon)
You start removing your armour.
You continue taking off your +0 leather armour. x4
You finish taking off your +0 leather armour.
You start putting on your armour.
You continue putting on your +0 ring mail. x5
You finish putting on your +0 ring mail.
You open the door.
An ogre comes into view. It is wielding a +0 giant club.
The ogre shouts!
The ogre hits you with a +0 giant club!!
Ouch! That really hurt!
There is an open door, spattered with blood here.
You hit the ogre.
The ogre is lightly wounded.
You hit the ogre but do no damage.
The ogre is lightly wounded.
The ogre hits you with a +0 giant club!!
Ouch! That really hurt!
You die...

##########
#<.#..@O.#
∆
#..'†.#..+
∆
#..#####+#
#..# ∆∆
∆∆∆ #..#
∆∆ #..#
#⌠⌠# ####
∆∆


You could see an ogre.

Vanquished Creatures
  Ijyb (D)
1 creature vanquished.

Notes
Turn   | Place    | Note
-------+----------+-------------------------------------------
     0 | D        | NinjaNoafa the Gnoll Wanderer began the quest for the Orb.
     0 | D        | NinjaNoafa set off with the following items: a +0 club, a
                  | potion of attraction, a wand of flame (6), 2 scrolls of
                  | blinking, a +0 leather armour, a +2 buckler, a potion of
                  | curing, a potion of heal wounds, a potion of haste, 2
                  | potions of magic, a potion of berserk rage.
     0 | D        | Reached XP level 1. HP: 26/26 MP: 1/1
     2 | D        | Noticed Ijyb
    10 | D        | Killed Ijyb
    11 | D        | Reached skill level 1 in Short Blades
    11 | D        | Reached skill level 1 in Long Blades
    11 | D        | Reached skill level 1 in Axes
    11 | D        | Reached skill level 1 in Maces & Flails
    11 | D        | Reached skill level 1 in Polearms
    11 | D        | Reached skill level 1 in Staves
    11 | D        | Reached skill level 1 in Ranged Weapons
    11 | D        | Reached skill level 1 in Throwing
    11 | D        | Reached skill level 1 in Armour
    11 | D        | Reached skill level 1 in Dodging
    11 | D        | Reached skill level 1 in Stealth
    11 | D        | Reached skill level 1 in Spellcasting
    11 | D        | Reached skill level 1 in Conjurations
    11 | D        | Reached skill level 1 in Hexes
    11 | D        | Reached skill level 1 in Summonings
    11 | D        | Reached skill level 1 in Necromancy
    11 | D        | Reached skill level 1 in Translocations
    11 | D        | Reached skill level 1 in Transmutations
    11 | D        | Reached skill level 1 in Fire Magic
    11 | D        | Reached skill level 1 in Ice Magic
    11 | D        | Reached skill level 1 in Air Magic
    11 | D        | Reached skill level 1 in Earth Magic
    11 | D        | Reached skill level 1 in Poison Magic
    11 | D        | Reached XP level 2. HP: 22/33 MP: 1/4
    11 | D        | Reached XP level 3. HP: 26/38 MP: 1/5
   182 | D        | Noticed an ogre
   185 | D        | Slain by an ogre

Illustrated notes

Levels and vault maps discovered:
D:        dungeon_sprint_1 [red_sonja_temple_1, red_sonja_temple_small_1]

Skill      XL: |  1 |
---------------+----+-----
Short Blades   | 1 |  1.8
Long Blades    | 1 |  1.8
Axes           | 1 |  1.8
Maces & Flails | 1 |  1.8
Polearms       | 1 |  1.8
Staves         | 1 |  1.8
Ranged Weapons | 1 |  1.8
Throwing       | 1 |  1.8
Armour         | 1 |  1.8
Dodging        | 1 |  1.8
Stealth        | 1 |  1.8
Unarmed Combat | 3 |  3.1
Spellcasting   | 1 |  1.8
Conjurations   | 1 |  1.4
Hexes          | 1 |  1.4
Summonings     | 1 |  1.4
Necromancy     | 1 |  1.4
Translocations | 1 |  1.4
Transmutations | 1 |  1.4
Fire Magic     | 1 |  1.4
Ice Magic      | 1 |  1.4
Air Magic      | 1 |  1.4
Earth Magic    | 1 |  1.4
Poison Magic   | 1 |  1.4
Invocations    | 2 |  2.0
Fighting       | |  8.7
Shields        | |  6.8
Evocations     | |  4.9

Action                   || total
-------------------------++-------
Melee: Club              ||     6
       Dagger            ||     2
Evoke: Wand              ||     1
  Use: Potion            ||     1
Block: Buckler           ||     2

Table legend: (Time is in decaauts)
 A = Elapsed time spent in this place.
 B = Non-inter-level travel time spent in this place.
 C = Inter-level travel time spent in this place.
 D = Time resting spent in this place.
 E = Time spent auto-exploring this place.
 F = Levels seen in this place.
 G = Mean time per level.
                   A        B        C        D        E       F      G
               +--------+--------+--------+--------+--------+-----+--------+
         Total |    196 |    196 |      0 |    168 |      0 |   1 |  196.0 |
       Dungeon |    196 |    196 |      0 |    168 |      0 |   1 |  196.0 |
               +--------+--------+--------+--------+--------+-----+--------+

Top non-repeatable levels by time:
       D: 196 daAuts
